 Dungeon Crawl Stone Soup version 0.31.0 (webtiles) character file.

Game seed: 7252109775740534814

7583 qw the Skirmisher (level 11, -6/68 HPs)
             Began as a Gargoyle Hunter on Jan 19, 2024.
             Was a High Priest of Okawaru.
             Mangled by a cane toad (15 damage)
             ... on level 1 of the Lair of Beasts.
             The game lasted 00:01:09 (9111 turns).

qw the Skirmisher (Gargoyle Hunter)                 Turns: 9111, Time: 00:01:09

Health: -6/68      AC: 20    Str: 15    XL:     11   Next: 17%
Magic:  17/17      EV: 13    Int: 10    God:    Okawaru [*****.]
Gold:   175        SH:  0    Dex: 17    Spells: 10/10 levels left

rFire   + . .        t - +0 orcbow
rCold   + . .        (shield currently unavailable)
rNeg    + . .        a - +1 leather armour {rC+}
rPois   inf          r - +2 helmet
rElec   +            h - +1 cloak of Charity {rElec rPois rF+}
rCorr   .            (no gloves)
SInv    .            s - +2 pair of boots
Will    .....        (no amulet)
Stlth   ++           (no ring)
HPRegen 0.31/turn    (no ring)
MPRegen 0.15/turn

%: no passive effects
@: no status effects
A: sickness immunity, AC +8, negative energy resistance 1, electricity
resistance, torment resistance 1, petrification resistance
a: Renounce Religion, Heroism, Finesse, Duel


You were on level 1 of the Lair of Beasts.
You worshipped Okawaru.
Okawaru was extremely pleased with you.
You visited 2 branches of the dungeon, and saw 9 of its levels.

You collected 693 gold pieces.
You spent 518 gold pieces at shops.


Innate Abilities, Weirdness & Mutations

You are immune to sickness and miasma.
Your stone body is resilient. (AC +8)
You are immune to poison.
You resist negative energy. (rN+)
You are resistant to electric shocks. (rElec)
You are resistant to unholy torment.
You are immune to petrification.


   Skills:
 - Level 8.0 Fighting
 + Level 12.4 Ranged Weapons
 - Level 3.1 Armour
 - Level 4.1 Dodging
 - Level 1.1 Stealth
 + Level 9.0 Invocations


You had 10 spell levels left.
You didn't know any spells.
Your spell library was empty.

Inventory:

Hand Weapons
 b - the +10 shortbow of Deflation {antimagic, rF- rN+++ rCorr Dex+2}
   (You acquired it on level 5 of the Dungeon)

   Dex+2:     It affects your dexterity (+2).
   rF-:       It makes you vulnerable to fire.
   rN+++:     It renders you almost immune to negative energy.
   rCorr:     It protects you from acid and corrosion.
 t - a +0 orcbow (weapon)
Armour
 a - a +1 leather armour of cold resistance (worn)
 h - the +1 cloak of Charity (worn) {rElec rPois rF+}
   (You found it on level 4 of the Dungeon)

   rF+:       It protects you from fire.
   rElec:     It insulates you from electricity.
   rPois:     It protects you from poison
 o - the +2 cloak of Oturolej {rPois Str+6}
   (You bought it in a shop on level 5 of the Dungeon)

   Str+6:     It affects your strength (+6).
   rPois:     It protects you from poison
 r - a +2 helmet (worn)
 s - a +2 pair of boots (worn)
Wands
 l - a wand of mindburst (20)
 m - a wand of quicksilver (9)
 p - a wand of paralysis (18)
 q - a wand of polymorph (3)
Potions
 g - 2 potions of curing
 i - a potion of cancellation
 j - 3 potions of might
 k - 5 potions of mutation
 n - a potion of enlightenment

Dungeon Overview and Level Annotations

Branches:
Dungeon (8/15)             Temple (0/1) D:4            Lair (1/5) D:8

Altars:
Cheibriados
Elyvilon
Makhleb
Nemelex Xobeh
Okawaru
Uskayaw
Yredelemnul

Shops:
D:5 [   D:8 [([!

Annotations:
D:4 4 runed translucent doors, qw's ghost, amateur GrHu


Message History

You shoot an arrow.
The arrow completely misses the cane toad.
You shoot an arrow.
The arrow hits the cane toad but does no damage.
You shoot an arrow.
The arrow hits the cane toad but does no damage.
You shoot an arrow. The arrow barely misses the cane toad.
The cane toad barely misses you.
You shoot an arrow. The arrow barely misses the cane toad.
The cane toad stings you!
You shoot an arrow. The arrow hits the cane toad!
The cane toad is moderately wounded.
The cane toad closely misses you.
You shoot an arrow. The arrow hits the cane toad.
The cane toad is moderately wounded.
The cane toad misses you.
You shoot an arrow. The arrow hits the cane toad!
The cane toad is heavily wounded.
The cane toad stings you!!
You shoot an arrow. The arrow closely misses the cane toad.
The cane toad stings you!
You shoot an arrow. The arrow closely misses the cane toad.
The cane toad closely misses you.
You shoot an arrow. The arrow hits the cane toad!
The cane toad is severely wounded.
The cane toad stings you! x2
You shoot an arrow. The arrow barely misses the cane toad.
The cane toad barely misses you.
You shoot an arrow. The arrow barely misses the cane toad.
The cane toad barely misses you.
You shoot an arrow. The arrow hits the cane toad.
The cane toad is almost dead.
The cane toad closely misses you.
You shoot an arrow. The arrow barely misses the cane toad.
The cane toad stings you but does no damage.
You shoot an arrow.
The arrow hits the cane toad but does no damage.
The cane toad is almost dead.
The cane toad stings you!
You die...

#...#77....~ #...
##.......~~~. #...
#..........~~ #....
#........~..~ #....
##......7.~.. #.....
#........~~.
#.....#######........7.~
#.....F...............77
#......@................
#..#.###P...............
##...............
##...####.######. #....#
### #.. #. #P...# ##.
#.. #....# #. #..#
##...# ####. #[.#
####...########.##.


You could see a cane toad.

Vanquished Creatures
  A black mamba (Lair:1)
  Joseph (D:8)
  5 cane toads
  5 blink frogs (Lair:1)
  2 basilisks
  5 yaks (Lair:1)
  6 water moccasins (Lair:1)
  2 black bears
  2 ice beasts
  2 sky beasts (D:6)
  An ogre (D:7)
  5 wolves (Lair:1)
  2 phantoms
  A kobold brigand (D:8)
  5 bullfrogs
  A gnoll sergeant (D:8)
  3 killer bees (D:7)
  3 howler monkeys
  An electric eel (Lair:1)
  3 bombardier beetles
  3 jellies
  3 hounds
  4 orc priests
  2 gnoll boudas
  3 sleepcaps
  3 iguanas
  An orc wizard (D:4)
  Robin (D:2)
  8 adders
  12 gnolls
  A shadow imp (D:6)
  A dart slug (D:1)
  2 ribbon worms
  28 orcs
  2 bats (D:3)
  9 endoplasms
  5 giant cockroaches
  16 goblins
  6 hobgoblins
  5 quokkas
  5 ball pythons
  5 frilled lizards
  12 kobolds
  6 rats
199 creatures vanquished.

Notes
Turn   | Place    | Note
-------+----------+-------------------------------------------
     0 | D:1      | qw the Gargoyle Hunter began the quest for the Orb.
     0 | D:1      | Reached XP level 1. HP: 12/12 MP: 1/1
     0 | D:1      | 0 ||| qw: Version: 0.3-a-132-g3d54051
     0 | D:1      | 0 ||| qw: Game counter: 390
     0 | D:1      | 0 ||| qw: Melee chars always use a shield: true
     0 | D:1      | 0 ||| qw: God list: Okawaru
     0 | D:1      | 0 ||| qw: Allow faded altars: false
     0 | D:1      | 0 ||| qw: Do Orc after clearing Dungeon:15 true
     0 | D:1      | 0 ||| qw: Do second Lair branch before Depths: true
     0 | D:1      | 0 ||| qw: Lair rune preference: random
     0 | D:1      | 0 ||| qw: Goals: Normal
     0 | D:1      | 0 ||| PLANNING D:1-11
   156 | D:1      | Reached XP level 2. HP: 17/17 MP: 2/2
   597 | D:1      | 597 ||| UPGRADING to +0 ring mail.
   607 | D:1      | 607 ||| DROPPING +0 leather armour.
   608 | D:1      | 608 ||| READING 3 scrolls labelled CYP HATWIYPN.
   608 | D:1      | 608 ||| IDENTIFYING 2 sedimented blue potions
   609 | D:1      | 609 ||| READING 2 scrolls of identify.
   609 | D:1      | 609 ||| IDENTIFYING scroll labelled GOMIOT VOODAJA
   610 | D:1      | 610 ||| READING scroll of enchant weapon.
   610 | D:1      | 610 ||| ENCHANTING +0 shortbow.
   611 | D:1      | 611 ||| READING scroll of identify.
   611 | D:1      | 611 ||| IDENTIFYING scroll labelled ZAINTU QISUKLE
   612 | D:1      | 612 ||| DROPPING scroll of butterflies.
   613 | D:1      | 613 ||| DROPPING 2 potions of berserk rage.
   696 | D:2      | Found an iron altar of Okawaru.
   697 | D:2      | 697 ||| PLANNING OKAWARU WORSHIP
   697 | D:2      | 697 ||| STAIRDANCE
   722 | D:2      | 722 ||| STAIRDANCE
   752 | D:2      | Became a worshipper of Warmaster Okawaru
   753 | D:2      | 753 ||| PLANNING D:1-11
   773 | D:2      | Found a faded altar of an unknown god.
   810 | D:2      | Reached skill level 1 in Armour
   810 | D:2      | Reached XP level 3. HP: 21/21 MP: 3/3
   928 | D:2      | Noticed Robin
   937 | D:2      | Killed Robin
   938 | D:2      | Reached skill level 5 in Ranged Weapons
   953 | D:2      | 953 ||| FLEEEEING.
  1188 | D:2      | Reached XP level 4. HP: 27/27 MP: 4/4
  1244 | D:2      | Reached skill level 3 in Fighting
  1422 | D:2      | 1422 ||| STAIRDANCE
  1436 | D:1      | 1436 ||| UPGRADING to +0 helmet.
  1441 | D:1      | 1441 ||| READING scroll of enchant armour.
  1441 | D:1      | 1441 ||| ENCHANTING +0 helmet.
  1442 | D:1      | 1442 ||| READING 2 scrolls of identify.
  1442 | D:1      | 1442 ||| IDENTIFYING silvery potion
  1443 | D:1      | 1443 ||| READING scroll of identify.
  1443 | D:1      | 1443 ||| IDENTIFYING murky blue potion
  1444 | D:1      | 1444 ||| READING scroll labelled CUOGED CAFOU.
  1445 | D:1      | 1445 ||| READING 2 scrolls labelled ZYUN AF TEOPSY.
  1446 | D:1      | 1446 ||| READING scroll labelled ZIDAFO FAHIM.
  1450 | D:1      | 1450 ||| DRINKING 2 smoky coppery potions.
  1451 | D:1      | 1451 ||| DROPPING scroll of blinking.
  1746 | D:3      | 1746 ||| READING scroll of enchant weapon.
  1746 | D:3      | 1746 ||| ENCHANTING +1 shortbow.
  1860 | D:3      | 1860 ||| FLEEEEING.
  1922 | D:3      | 1922 ||| READING scroll labelled XARAYF AFYO.
  2082 | D:3      | Reached XP level 5. HP: 31/32 MP: 5/5
  2761 | D:4      | 2761 ||| STAIRDANCE
  2767 | D:3      | Reached skill level 6 in Ranged Weapons
  2839 | D:4      | Found a runed translucent gate.
  2840 | D:4      | Found a runed translucent gate.
  2840 | D:4      | Found a runed translucent gate.
  2843 | D:4      | Noticed qw's ghost (amateur GrHu)
  2920 | D:4      | Found a snail-covered altar of Cheibriados.
  2932 | D:4      | Reached XP level 6. HP: 34/38 MP: 6/6
  2966 | D:4      | Reached * piety under Okawaru
  2985 | D:4      | Reached skill level 1 in Invocations
  2988 | D:4      | 2988 ||| FLEEEEING.
  3205 | D:4      | Identified the +1 cloak of Charity {rElec rPois rF+}
  3223 | D:4      | 3223 ||| FLEEEEING.
  3224 | D:4      | 3224 ||| FLEEEEING.
  3226 | D:4      | 3226 ||| FLEEEEING.
  3227 | D:4      | 3227 ||| FLEEEEING.
  3228 | D:4      | 3228 ||| FLEEEEING.
  3229 | D:4      | 3229 ||| FLEEEEING.
  3230 | D:4      | 3230 ||| FLEEEEING.
  3231 | D:4      | 3231 ||| FLEEEEING.
  3232 | D:4      | 3232 ||| FLEEEEING.
  3276 | D:4      | Found a staircase to the Ecumenical Temple.
  3385 | D:4      | Found a runed translucent door.
  3385 | D:4      | Noticed a human
  3388 | D:4      | Found a basalt altar of Yredelemnul.
  3437 | D:4      | Found a sparkling altar of Nemelex Xobeh.
  3465 | D:4      | Reached skill level 7 in Ranged Weapons
  3592 | D:4      | Reached XP level 7. HP: 41/43 MP: 8/8
  3642 | D:4      | 3642 ||| UPGRADING to +1 cloak of Charity {rElec rPois
                  | rF+}.
  3647 | D:4      | 3647 ||| READING 4 scrolls of identify.
  3647 | D:4      | 3647 ||| IDENTIFYING green potion
  3648 | D:4      | 3648 ||| READING 3 scrolls of identify.
  3648 | D:4      | 3648 ||| IDENTIFYING red potion
  3649 | D:4      | 3649 ||| READING 2 scrolls of identify.
  3649 | D:4      | 3649 ||| IDENTIFYING fizzy silvery potion
  3650 | D:4      | 3650 ||| READING scroll of identify.
  3650 | D:4      | 3650 ||| IDENTIFYING fizzy black potion
  3651 | D:4      | 3651 ||| READING scroll labelled JORUCODIJI.
  3652 | D:4      | 3652 ||| DROPPING potion of invisibility.
  3653 | D:4      | 3653 ||| DROPPING potion of lignification.
  3677 | D:5      | Entered Level 5 of the Dungeon
  3737 | D:5      | Reached skill level 3 in Invocations
  3782 | D:5      | 3782 ||| FLEEEEING.
  3783 | D:5      | 3783 ||| FLEEEEING.
  3784 | D:5      | 3784 ||| FLEEEEING.
  3785 | D:5      | 3785 ||| FLEEEEING.
  3786 | D:5      | 3786 ||| FLEEEEING.
  3787 | D:5      | 3787 ||| FLEEEEING.
  3788 | D:5      | 3788 ||| FLEEEEING.
  3789 | D:5      | 3789 ||| FLEEEEING.
  3790 | D:5      | 3790 ||| FLEEEEING.
  3791 | D:5      | 3791 ||| FLEEEEING.
  3792 | D:5      | 3792 ||| FLEEEEING.
  4022 | D:5      | Found Pabys's Antique Armour Shoppe.
  4030 | D:5      | 4030 ||| BUYING crude cloak (190 gold).
  4030 | D:5      | Bought a crude cloak for 190 gold pieces
  4030 | D:5      | Identified the +2 cloak of Oturolej {rPois Str+6} (You
                  | bought it in a shop on level 5 of the Dungeon)
  4030 | D:5      | 4030 ||| SHOPLISTING dyed leather armour (100 gold, have
                  | 44).
  4030 | D:5      | 4030 ||| SHOPLISTING pair of gloves (90 gold, have 44).
  4256 | D:5      | 4256 ||| FLEEEEING.
  4435 | D:5      | 4435 ||| READING scroll of identify.
  4435 | D:5      | 4435 ||| IDENTIFYING coppery potion
  4436 | D:5      | 4436 ||| READING scroll labelled XUURIR PIAZEM.
  4437 | D:5      | 4437 ||| DROPPING potion of ambrosia.
  4499 | D:6      | Reached ** piety under Okawaru
  4500 | D:6      | Reached skill level 8 in Ranged Weapons
  4500 | D:6      | Reached XP level 8. HP: 48/48 MP: 11/11
  4534 | D:6      | Found a burning altar of Makhleb.
  4560 | D:6      | 4560 ||| FLEEEEING.
  4567 | D:6      | 4567 ||| STAIRDANCE
  4621 | D:5      | 4621 ||| DROPPING amulet of guardian spirit.
  4622 | D:5      | 4622 ||| READING scroll labelled JIVOYJ YDA.
  4622 | D:5      | Identified a scroll of acquirement
  4622 | D:5      | 4622 ||| ACQUIRING +10 shortbow of Deflation {antimagic,
                  | rF- rN+++ rCorr Dex+2}
  4622 | D:5      | Acquired the +10 shortbow of Deflation {antimagic, rF-
                  | rN+++ rCorr Dex+2}
  4743 | D:6      | 4743 ||| FLEEEEING.
  4820 | D:6      | 4820 ||| ZAPPING wand of quicksilver (10) at 0,-1 (black
                  | bear; floor).
  5213 | D:6      | 5213 ||| READING scroll of identify.
  5213 | D:6      | 5213 ||| IDENTIFYING amethyst potion
  5214 | D:6      | 5214 ||| DROPPING potion of attraction.
  5239 | D:7      | 5239 ||| STAIRDANCE
  5248 | D:6      | 5248 ||| FLEEEEING.
  5331 | D:7      | Reached skill level 9 in Ranged Weapons
  5362 | D:7      | Reached *** piety under Okawaru
  5373 | D:7      | Reached skill level 6 in Fighting
  5396 | D:7      | Reached XP level 9. HP: 40/55 MP: 12/12
  5396 | D:7      | 5396 ||| FLEEEEING.
  5468 | D:7      | 5468 ||| FLEEEEING.
  5688 | D:7      | Found a hide-covered altar of Uskayaw.
  5722 | D:7      | 5722 ||| FLEEEEING.
  6173 | D:7      | Found a white marble altar of Elyvilon.
  6180 | D:7      | 6180 ||| READING 2 scrolls of identify.
  6180 | D:7      | 6180 ||| IDENTIFYING scroll labelled AGACIURR ZIAN
  6181 | D:7      | 6181 ||| DROPPING scroll of silence.
  6202 | D:8      | 6202 ||| STAIRDANCE
  6209 | D:8      | 6209 ||| STAIRDANCE
  6217 | D:8      | 6217 ||| STAIRDANCE
  6225 | D:7      | 6225 ||| FLEEEEING.
  6256 | D:8      | Reached skill level 10 in Ranged Weapons
  6399 | D:8      | Reached skill level 3 in Armour
  6432 | D:8      | Found Lonef's Armour Boutique.
  6432 | D:8      | Noticed an animated gold dragon scales
  6433 | D:8      | Noticed an animated crystal plate armour
  6439 | D:8      | 6439 ||| UPGRADING to +2 pair of boots.
  6444 | D:8      | 6444 ||| READING scroll of identify.
  6444 | D:8      | 6444 ||| IDENTIFYING scroll labelled TORI MOMU ZEMU
  6445 | D:8      | 6445 ||| DROPPING scroll of noise.
  6485 | D:8      | 6485 ||| SHOPLISTING +3 pair of gauntlets of War {Slay+5}
                  | (712 gold, have 320).
  6528 | D:8      | Found Anululuume's Distillery.
  6549 | D:8      | 6549 ||| FLEEEEING.
  6550 | D:8      | 6550 ||| FLEEEEING.
  6551 | D:8      | 6551 ||| FLEEEEING.
  6552 | D:8      | 6552 ||| FLEEEEING.
  6578 | D:8      | 6578 ||| BUYING 2 potions of mutation (208 gold).
  6578 | D:8      | Bought 2 potions of mutation for 208 gold pieces
  6578 | D:8      | 6578 ||| BUYING potion of curing (39 gold).
  6578 | D:8      | Bought a potion of curing for 39 gold pieces
  6578 | D:8      | 6578 ||| BUYING potion of curing (39 gold).
  6578 | D:8      | Bought a potion of curing for 39 gold pieces
  6578 | D:8      | 6578 ||| SHOPLISTING potion of curing (39 gold, have 34).
  6578 | D:8      | 6578 ||| SHOPLISTING potion of enlightenment (65 gold, have
                  | 34).
  6578 | D:8      | 6578 ||| SHOPLISTING potion of haste (130 gold, have 34).
  6578 | D:8      | 6578 ||| SHOPLISTING potion of mutation (104 gold, have
                  | 34).
  6601 | D:8      | Found Jacah's Armour Boutique.
  6606 | D:8      | 6606 ||| SHOPLISTING +0 leather armour of the Shrike {Str-2
                  | Dex+3} (133 gold, have 34).
  6606 | D:8      | 6606 ||| SHOPLISTING +1 pair of gloves (138 gold, have 34).
  6606 | D:8      | 6606 ||| SHOPLISTING +2 ring mail of fire resistance (252
                  | gold, have 34).
  6621 | D:8      | Found Fomillia's Weapon Shop.
  6626 | D:8      | 6626 ||| SHOPLISTING +0 longbow (78 gold, have 44).
  6626 | D:8      | 6626 ||| BUYING +0 orcbow (42 gold).
  6626 | D:8      | Bought a +0 orcbow for 42 gold pieces
  6626 | D:8      | 6626 ||| SWAPPING to +0 orcbow.
  6627 | D:8      | 6627 ||| DROPPING +2 shortbow.
  6688 | D:8      | 6688 ||| FLEEEEING.
  6692 | D:8      | 6692 ||| FLEEEEING.
  6693 | D:8      | 6693 ||| FLEEEEING.
  6698 | D:8      | 6698 ||| FLEEEEING.
  6699 | D:8      | 6699 ||| FLEEEEING.
  6700 | D:8      | 6700 ||| FLEEEEING.
  6701 | D:8      | 6701 ||| FLEEEEING.
  6702 | D:8      | 6702 ||| FLEEEEING.
  6703 | D:8      | 6703 ||| FLEEEEING.
  6704 | D:8      | 6704 ||| FLEEEEING.
  6705 | D:8      | 6705 ||| FLEEEEING.
  6706 | D:8      | 6706 ||| FLEEEEING.
  6707 | D:8      | 6707 ||| FLEEEEING.
  6708 | D:8      | 6708 ||| FLEEEEING.
  6709 | D:8      | 6709 ||| FLEEEEING.
  6710 | D:8      | 6710 ||| FLEEEEING.
  6711 | D:8      | 6711 ||| FLEEEEING.
  6713 | D:8      | 6713 ||| STAIRDANCE
  6783 | D:7      | 6783 ||| UPGRADING to +2 helmet.
  6793 | D:7      | 6793 ||| DROPPING +1 helmet.
  6913 | D:8      | Found a staircase to the Lair.
  6999 | D:8      | Noticed Joseph
  7000 | D:8      | 7000 ||| INVOKING Heroism.
  7014 | D:8      | Killed Joseph
  7014 | D:8      | Reached **** piety under Okawaru
  7123 | D:8      | 7123 ||| PLANNING LAIR
  7123 | D:8      | 7123 ||| UPGRADING to +1 leather armour of cold resistance.
  7133 | D:8      | 7133 ||| DROPPING +0 ring mail.
  7177 | Lair:1   | Entered Level 1 of the Lair of Beasts
  7181 | Lair:1   | Noticed a cane toad
  7182 | Lair:1   | 7182 ||| INVOKING Finesse.
  7183 | Lair:1   | 7183 ||| INVOKING Finesse.
  7184 | Lair:1   | 7184 ||| INVOKING Finesse.
  7187 | Lair:1   | 7187 ||| STAIRDANCE
  7200 | D:8      | Killed a cane toad
  7201 | D:8      | Reached skill level 3 in Dodging
  7205 | D:8      | 7205 ||| FLEEEEING.
  7233 | D:8      | 7233 ||| FLEEEEING.
  7351 | Lair:1   | 7351 ||| STAIRDANCE
  7378 | Lair:1   | 7378 ||| STAIRDANCE
  7380 | D:8      | 7380 ||| FLEEEEING.
  7459 | Lair:1   | 7459 ||| RETREEEEATING.
  7460 | Lair:1   | 7460 ||| RETREEEEATING.
  7461 | Lair:1   | 7461 ||| RETREEEEATING.
  7462 | Lair:1   | 7462 ||| RETREEEEATING.
  7463 | Lair:1   | 7463 ||| RETREEEEATING.
  7464 | Lair:1   | 7464 ||| RETREEEEATING.
  7465 | Lair:1   | 7465 ||| RETREEEEATING.
  7466 | Lair:1   | 7466 ||| RETREEEEATING.
  7467 | Lair:1   | 7467 ||| RETREEEEATING.
  7468 | Lair:1   | 7468 ||| RETREEEEATING.
  7469 | Lair:1   | 7469 ||| RETREEEEATING.
  7470 | Lair:1   | 7470 ||| RETREEEEATING.
  7471 | Lair:1   | 7471 ||| RETREEEEATING.
  7472 | Lair:1   | 7472 ||| RETREEEEATING.
  7473 | Lair:1   | 7473 ||| RETREEEEATING.
  7474 | Lair:1   | 7474 ||| RETREEEEATING.
  7476 | Lair:1   | 7476 ||| RETREEEEATING.
  7478 | Lair:1   | 7478 ||| RETREEEEATING.
  7479 | Lair:1   | 7479 ||| RETREEEEATING.
  7480 | Lair:1   | 7480 ||| RETREEEEATING.
  7482 | Lair:1   | 7482 ||| RETREEEEATING.
  7483 | Lair:1   | 7483 ||| RETREEEEATING.
  7486 | Lair:1   | 7486 ||| RETREEEEATING.
  7487 | Lair:1   | 7487 ||| RETREEEEATING.
  7488 | Lair:1   | 7488 ||| RETREEEEATING.
  7489 | Lair:1   | 7489 ||| RETREEEEATING.
  7490 | Lair:1   | 7490 ||| RETREEEEATING.
  7491 | Lair:1   | 7491 ||| RETREEEEATING.
  7492 | Lair:1   | 7492 ||| RETREEEEATING.
  7495 | Lair:1   | 7495 ||| INVOKING Finesse.
  7496 | Lair:1   | 7496 ||| INVOKING Finesse.
  7500 | Lair:1   | Reached skill level 11 in Ranged Weapons
  7500 | Lair:1   | Reached XP level 10. HP: 42/63 MP: 7/13
  7565 | Lair:1   | 7565 ||| FLEEEEING.
  7570 | Lair:1   | 7570 ||| STAIRDANCE
  7679 | Lair:1   | Noticed a cane toad
  7680 | Lair:1   | 7680 ||| INVOKING Finesse.
  7681 | Lair:1   | 7681 ||| INVOKING Finesse.
  7697 | Lair:1   | Killed a cane toad
  7698 | Lair:1   | Reached skill level 6 in Invocations
  7718 | Lair:1   | 7718 ||| RETREEEEATING.
  7719 | Lair:1   | 7719 ||| RETREEEEATING.
  7720 | Lair:1   | 7720 ||| RETREEEEATING.
  7723 | Lair:1   | 7723 ||| RETREEEEATING.
  7724 | Lair:1   | 7724 ||| RETREEEEATING.
  7763 | Lair:1   | 7763 ||| FLEEEEING.
  7773 | Lair:1   | 7773 ||| STAIRDANCE
  7908 | Lair:1   | 7908 ||| FLEEEEING.
  7967 | Lair:1   | Noticed a cane toad
  7968 | Lair:1   | 7968 ||| INVOKING Finesse.
  7980 | Lair:1   | Killed a cane toad
  8044 | Lair:1   | 8044 ||| RETREEEEATING.
  8048 | Lair:1   | 8048 ||| RETREEEEATING.
  8054 | Lair:1   | 8054 ||| RETREEEEATING.
  8056 | Lair:1   | 8056 ||| RETREEEEATING.
  8059 | Lair:1   | 8059 ||| RETREEEEATING.
  8060 | Lair:1   | 8060 ||| RETREEEEATING.
  8062 | Lair:1   | 8062 ||| RETREEEEATING.
  8069 | Lair:1   | 8069 ||| RETREEEEATING.
  8070 | Lair:1   | 8070 ||| RETREEEEATING.
  8071 | Lair:1   | 8071 ||| RETREEEEATING.
  8072 | Lair:1   | 8072 ||| RETREEEEATING.
  8073 | Lair:1   | 8073 ||| RETREEEEATING.
  8074 | Lair:1   | 8074 ||| RETREEEEATING.
  8075 | Lair:1   | 8075 ||| RETREEEEATING.
  8076 | Lair:1   | 8076 ||| RETREEEEATING.
  8077 | Lair:1   | 8077 ||| RETREEEEATING.
  8078 | Lair:1   | 8078 ||| RETREEEEATING.
  8079 | Lair:1   | 8079 ||| RETREEEEATING.
  8083 | Lair:1   | 8083 ||| RETREEEEATING.
  8085 | Lair:1   | 8085 ||| INVOKING Finesse.
  8117 | Lair:1   | HP: 16/64 [blink frog (13)]
  8118 | Lair:1   | 8118 ||| READING 2 scrolls of teleportation.
  8124 | Lair:1   | 8124 ||| FLEEEEING.
  8140 | Lair:1   | 8140 ||| FLEEEEING.
  8142 | Lair:1   | 8142 ||| STAIRDANCE
  8278 | D:8      | 8278 ||| READING scroll labelled MUYROE FIXUET.
  8330 | Lair:1   | Reached skill level 12 in Ranged Weapons
  8330 | Lair:1   | 8330 ||| FLEEEEING.
  8371 | Lair:1   | Identified the +0 dagger of Dismemberment {heavy, rF+ rC+
                  | Stlth+}
  8435 | Lair:1   | Noticed a cane toad
  8436 | Lair:1   | 8436 ||| INVOKING Finesse.
  8446 | Lair:1   | Killed a cane toad
  8493 | Lair:1   | Reached XP level 11. HP: 68/68 MP: 17/17
  8577 | Lair:1   | HP: 14/68 [black mamba (13)]
  8578 | Lair:1   | 8578 ||| READING scroll of teleportation.
  8579 | Lair:1   | 8579 ||| DRINKING 2 potions of heal wounds.
  8589 | Lair:1   | HP: 14/68 [blink frog (11)]
  8590 | Lair:1   | 8590 ||| DRINKING potion of heal wounds.
  8591 | Lair:1   | 8591 ||| FLEEEEING.
  8614 | Lair:1   | 8614 ||| FLEEEEING.
  8871 | Lair:1   | Reached ***** piety under Okawaru
  8872 | Lair:1   | 8872 ||| FLEEEEING.
  8938 | Lair:1   | Reached skill level 9 in Invocations
  8938 | Lair:1   | 8938 ||| FLEEEEING.
  9106 | Lair:1   | HP: 8/68 [cane toad (14)]
  9111 | Lair:1   | Mangled by a cane toad

Levels and vault maps discovered:
D:1:      amcnicky_arrival_single_pillar, layout_basic, minmay_tetromino_l2
D:2:      layout_loops_corners, basic_altar, basic_ecumenical_altar, uniq_robin
D:3:      layout_basic, roderic_roman_lattice, minmay_splitting_lines,
          serial_bayou_lake_a
D:4:      layout_loops_ring, dk_yredelemnul_ordeal, lemuel_crystal_altar,
          mainiacjoe_overflow_paths, minmay_temple_entry_ruins,
          gammafunk_ghost_necromancy, kennysheep_path_1,
          serial_library_hellmonk_open_square
D:5:      layout_loops_ring, serial_shops, nicolae_shop_tiny_waterfront
D:6:      layout_basic, bloody_makhleb
D:7:      layout_basic, general_overflow_altar, nicolae_elyvilon_temple_path,
          serial_glass, glass_columns_b, glass_columns_a, glass_columns_c,
          glass_columns_b
D:8:      layout_basic, dpeg_oklobed_lair, serial_shops, shop, shop,
          nicolae_shop_pleasant_corner_grove, nicolae_shop_mannequins,
          uniq_joseph
Lair:1:   layout_chaotic_city, nicolae_quartered_pool_super, grunt_megastairs_2

Skill      XL: |  1  2  3  4  5  6  7  8  9 10 11 |
---------------+----------------------------------+-----
Armour         | 1 2 3 |  3.1
Ranged Weapons | 5 6 7 8 9 11 12 | 12.4
Fighting       | 3 4 6 7 8 |  8.0
Invocations    | 2 4 8 9 |  9.0
Dodging        | 2 3 4 |  4.1
Stealth        | |  1.1

Action                     |  1- 3 |  4- 6 |  7- 9 | 10-12 || total
---------------------------+-------+-------+-------+-------++-------
   Fire: Shortbow          |    98 |   185 |   342 |       ||   625
         Orcbow            |       |       |    90 |   334 ||   424
 Invoke: Finesse           |       |       |     2 |     4 ||     6
         Heroism           |       |       |     1 |       ||     1
  Evoke: Wand              |       |       |     1 |       ||     1
    Use: Scroll            |     4 |     8 |    11 |     3 ||    26
         Potion            |       |     1 |       |     2 ||     3
 Armour: Leather armour    |     2 |       |    40 |   135 ||   177
         Ring mail         |    27 |    83 |   137 |       ||   247
  Dodge: Dodged            |    36 |    46 |   155 |   105 ||   342

Table legend:
 A = Non-vault XP
 B = Vault XP
 C = Vault XP percentage of total XP
 D = Non-vault monster count
 E = Vault monster count
 F = Vault count percentage of total count
                 A         B        C        D         E       F
            +---------+---------+-------+---------+---------+-------
      Total |    9680 |    1154 |  10.7 |     183 |      16 |   8.0
            +---------+---------+-------+---------+---------+-------
        D:1 |      38 |       1 |   2.6 |      15 |       1 |   6.2
        D:2 |      66 |      36 |  35.3 |      24 |      12 |  33.3
        D:3 |      88 |       0 |   0.0 |      16 |       0 |   0.0
        D:4 |     481 |       0 |   0.0 |      29 |       0 |   0.0
        D:5 |     387 |       0 |   0.0 |      16 |       0 |   0.0
        D:6 |     848 |       0 |   0.0 |      13 |       0 |   0.0
        D:7 |     815 |       0 |   0.0 |      16 |       0 |   0.0
        D:8 |    1187 |     460 |  27.9 |      26 |       1 |   3.7
     Lair:1 |    5770 |     657 |  10.2 |      28 |       2 |   6.7
            +---------+---------+-------+---------+---------+-------
